 Dungeon Crawl Stone Soup version 0.28-a0-1344-g6b9ff3a05d (webtiles) character file.

Game seed: 8353130437522274499

1262 CannotBeFrozen the Magician (level 8, -5/61 HPs)
             Began as a Demigod Air Elementalist on Dec 5, 2021.
             Killed from afar by Ijyb (28 damage)
             ... with a bolt of acid
             ... on level 4 of the Dungeon on Dec 29, 2021.
             The game lasted 00:29:49 (6628 turns).

CannotBeFrozen the Magician (DgAE)                  Turns: 6628, Time: 00:29:49

Health: -5/61      AC:  4    Str:  9    XL:     8   Next: 6%
Magic:  17/21      EV: 11    Int: 25    God:
Gold:   189        SH:  0    Dex: 14    Spells: 9/19 levels left

rFire   . . .      SeeInvis .   a - +0 short sword (flame)
rCold   . . .      Faith    .   (no shield)
rNeg    . . .      Spirit   .   j - +0 leather armour
rPois   .          Reflect  .   i - +0 helmet
rElec   .          Harm     .   (no cloak)
rCorr   .          Rampage  .   (no gloves)
Will    .....                   (no boots)
Stlth   ++........              (no amulet)
HPRegen 0.20/turn               (no ring)
MPRegen 0.17/turn               (no ring)

@: no status effects
A: high mp 1, forlorn, divine attributes
a: no special abilities


You were on level 4 of the Dungeon.
You visited 1 branch of the dungeon, and saw 4 of its levels.
You also visited: Sewer.

You collected 222 gold pieces.
You spent 33 gold pieces at shops.

Inventory:

Hand Weapons
 a - a +0 short sword of flaming (weapon)
 b - a +0 hunting sling
 u - a +0 rapier
Missiles
 e - 182 stones
 q - 6 poisoned darts
 s - a throwing net {=f =F}
Armour
 c - a +0 ring mail
 i - a +0 helmet (worn)
 j - a +0 leather armour (worn)
 t - a +0 cloak
Wands
 g - a wand of polymorph (7)
Scrolls
 k - 2 scrolls of identify {@r1}
 m - a scroll of fog
 n - a scroll of teleportation {@r2}
Potions
 d - 2 potions of attraction
 f - a potion of invisibility {unknown}
 h - 2 potions of heal wounds {@q2}
 l - a potion of curing {@q1}
 o - a potion of lignification {unknown}
 p - a potion of flight {unknown}
 r - a potion of haste


   Skills:
 - Level 2.0 Fighting
 - Level 2.0 Short Blades
 - Level 1.0 Armour
 - Level 2.0 Dodging
 - Level 2.0 Stealth
 + Level 6.2 Spellcasting
 - Level 3.0 Conjurations
 - Level 5.0 Air Magic


You had 9 spell levels left.
You knew the following spells:

 Your Spells              Type           Power      Damage    Failure   Level
a - Shock                 Conj/Air       100%       1d9       1%          1
b - Static Discharge      Conj/Air       27%        N/A       3%          2
c - Swiftness             Air            32%        N/A       3%          3
d - Airstrike             Air            16%        N/A       13%         4

Your spell library contained the following spells:

 Spells                   Type           Power      Damage    Failure   Level
 Sandblast                Erth           14%        2d6       10%         1
 Passwall                 Tmut/Erth      5%         N/A       16%         2
 Stone Arrow              Conj/Erth      30%        3d8       16%         3
 Animate Armour           Summ/Erth      14%        N/A       69%         4
 Lehudib's Crystal Spear  Conj/Erth      7%         10d3      100%        8


Dungeon Overview and Level Annotations

Branches:
Dungeon (4/15)              Sewer (visited)
 Temple: D:4-7

Shops:
D:1 !   D:4 *

Annotations:
D:4 Ijyb


Innate Abilities, Weirdness & Mutations

You have an increased reservoir of magic. (+10% MP)
You shall have no god before yourself.
Your divine heritage dramatically boosts your attributes as you level up.


Message History

The kobold throws a poisoned dart.
The poisoned dart closely misses you.
A kobold is nearby!
The zap hits the kobold.
The kobold is moderately wounded.
The zap hits the kobold.
You kill the kobold!
MP: 17/21 (-1)
You can't see any susceptible monsters within range! (Use Z to cast anyway.)
You start resting.
A gnoll is nearby!
The zap misses the gnoll.
The gnoll shouts!
MP: 19/21 (-1)
The zap hits the gnoll!
The gnoll is heavily wounded.
The gnoll throws a throwing net.
The throwing net barely misses you.
MP: 18/21 (-1)
The zap hits Ijyb!
Ijyb is moderately wounded.
Ijyb shouts!
MP: 17/21 (-1) Ijyb zaps a wand.
The bolt of acid hits you!!!
Ouch! That really hurt!
* * * LOW HITPOINT WARNING * * *
HP: 22/61 (-39) ====-------- !!!!!!
Casting: Shock (safe; 1% risk of failure)
Confirm with . or Enter, or press ? or * to list all spells.
Okay, then.
Casting: Shock (safe; 1% risk of failure)
Confirm with . or Enter, or press ? or * to list all spells.
Aiming: Shock (safe; 1% risk of failure)
Press: ? - help, Shift-Dir - straight line, f/p - Ijyb
Aim: Ijyb, wielding a +0 club, wearing a +0 leather armour and carrying a wand of acid (8) (moderately wounded, 67% to hit)
The zap hits the gnoll but does no damage.
The gnoll is heavily wounded.
The zap misses Ijyb.
Ijyb zaps a wand.
The bolt of acid hits the gnoll!!
The acid corrodes the gnoll!
The gnoll dies!
The bolt of acid hits you!!
You die...

#.# #..........# ..
#.# #..........# .
#.# #.......[..# #.#
#......<...# # #.#
#..........####
#.#####.......[.#....
#.#...............###
#.#.###..........####
#..@.##..............
#.##.##..........##..
#.##(##...........#..
#.##.))#........#..∩.
#.####gg.............
#.# #...............
#.# ##.##)####..####.
#.. ....#.###...# ##
#.......#.#


You could see Ijyb.

Vanquished Creatures
  Pikel (D:3)
  Sigmund (D:4)
  Eustachio (D:4)
  2 scorpions (D:4)
  A water moccasin skeleton (D:4)
  An orc priest (D:3)
  A jelly (D:4)
  A hell rat (Sewer)
  A hound skeleton (D:4)
  Robin (D:2)
  7 gnolls
  5 adders
  2 river rats (Sewer)
  3 worms
  9 orcs
  9 ball pythons
  2 endoplasms
  3 giant cockroaches
  19 goblins
  3 hobgoblins
  5 jackals
  9 bats
  8 kobolds
  8 rats
103 creatures vanquished.

Vanquished Creatures (others)
  A gnoll (D:4)
1 creature vanquished.

Grand Total: 104 creatures vanquished

Notes
Turn   | Place    | Note
-------+----------+-------------------------------------------
     0 | D:1      | CannotBeFrozen the Demigod Air Elementalist began the quest
                  | for the Orb.
     0 | D:1      | Reached XP level 1. HP: 14/14 MP: 5/5
    14 | D:1      | Upgraded the game from 0.28-a0-991-g956f0ee3d5 to
                  | 0.28-a0-1344-g6b9ff3a05d
   108 | D:1      | Reached skill level 1 in Conjurations
   261 | D:1      | Found Birchog's Distillery.
   288 | D:1      | Reached skill level 2 in Spellcasting
   356 | D:1      | Reached XP level 2. HP: 19/22 MP: 1/7
   485 | D:1      | Reached skill level 1 in Fighting
   707 | D:1      | Bought a potion of curing for 33 gold pieces
  1125 | D:2      | Reached skill level 1 in Armour
  1180 | D:2      | Reached XP level 3. HP: 28/28 MP: 4/8
  1182 | D:2      | Noticed Robin
  1835 | D:2      | Killed Robin
  2050 | D:2      | Reached XP level 4. HP: 31/36 MP: 5/10
  2758 | D:2      | You fall into a shaft and drop 2 floors!
  2758 | D:4      | Found Cahoko's Assorted Antiques.
  2790 | D:4      | Reached skill level 3 in Spellcasting
  2790 | D:4      | Reached XP level 5. HP: 28/41 MP: 6/12
  3139 | D:4      | Noticed Sigmund
  3254 | D:3      | Found a glowing drain.
  3266 | Sewer    | Entered a sewer
  3531 | Sewer    | Reached skill level 1 in Short Blades
  4116 | D:3      | Reached XP level 6. HP: 24/48 MP: 9/13
  4127 | D:3      | Learned a level 2 spell: Static Discharge
  4131 | D:3      | Learned a level 3 spell: Swiftness
  4136 | D:3      | Learned a level 4 spell: Airstrike
  5384 | D:4      | Noticed Pikel
  5748 | D:4      | Noticed Eustachio
  5874 | D:4      | Killed Sigmund
  5970 | D:4      | Reached XP level 7. HP: 49/55 MP: 9/15
  6045 | D:4      | Killed Eustachio
  6046 | D:4      | Reached skill level 4 in Spellcasting
  6046 | D:4      | Reached skill level 5 in Air Magic
  6093 | D:4      | Noticed Ijyb
  6362 | D:3      | Killed Pikel
  6363 | D:3      | Reached skill level 6 in Spellcasting
  6363 | D:3      | Reached XP level 8. HP: 26/61 MP: 7/20
  6628 | D:4      | Killed from afar by Ijyb

Illustrated notes

Levels and vault maps discovered:
D:1:      dpeg_arrival_rhombi, layout_rooms, shapermc_ecumenical_altar_ellora,
          serial_shops, nicolae_shop_waterfront
D:2:      layout_rooms, minmay_strange_pillars, uniq_robin
D:3:      layout_loops_ring, cheibrodos_sewer_entry_drain,
          kennysheep_minor_cross
D:4:      layout_rooms, serial_shops, shop, uniq_sigmund, uniq_ijyb, uniq_pikel,
          uniq_eustachio

Skill      XL: |  1  2  3  4  5  6  7 |
---------------+----------------------+-----
Conjurations   | 1 2 3 |  3.0
Dodging        | 2 |  2.0
Stealth        | 2 |  2.0
Spellcasting   | 2 3 6 |  6.2
Air Magic      | 3 4 5 |  5.0
Fighting       | 1 2 |  2.0
Armour         | 1 |  1.0
Short Blades   | 2 |  2.0

Action                   |  1- 3 |  4- 6 |  7- 9 || total
-------------------------+-------+-------+-------++-------
Melee: Unarmed           |     1 |       |       ||     1
       Short sword       |     7 |    34 |       ||    41
 Fire: Hunting sling     |       |     4 |       ||     4
Throw: Stone             |     2 |       |       ||     2
 Cast: Shock             |    85 |   178 |    29 ||   292
  Use: Scroll            |     3 |     4 |       ||     7
       Potion            |       |     2 |       ||     2
Armor: Robe              |    11 |       |       ||    11
       Leather armour    |       |    23 |       ||    23
Dodge: Dodged            |    36 |    57 |    11 ||   104

Table legend: (Time is in decaauts)
 A = Elapsed time spent in this place.
 B = Non-inter-level travel time spent in this place.
 C = Inter-level travel time spent in this place.
 D = Time resting spent in this place.
 E = Time spent auto-exploring this place.
 F = Levels seen in this place.
 G = Mean time per level.
                   A        B        C        D        E       F      G
               +--------+--------+--------+--------+--------+-----+--------+
         Total |   6665 |   6486 |    179 |   2939 |   1870 |   5 | 1333.0 |
       Dungeon |   6285 |   6106 |    179 |   2709 |   1870 |   4 | 1571.2 |
         Sewer |    379 |    379 |      0 |    230 |      0 |   1 |  379.0 |
               +--------+--------+--------+--------+--------+-----+--------+

Top non-repeatable levels by time:
     D:3: 2052 daAuts
     D:1: 1555 daAuts
     D:2: 1459 daAuts
     D:4: 1218 daAuts
   Sewer: 379 daAuts
